 Dungeon Crawl Stone Soup version 0.22.0-60-ga52c2fc (webtiles) character file.

125 inc the Conjurer (level 5, -1/31 HPs)
             Began as an Octopode Fire Elementalist on Sept 9, 2018.
             Slain by an orc priest (2 damage)
             ... on level 2 of the Dungeon.
             The game lasted 00:03:46 (2544 turns).

inc the Conjurer (Octopode Fire Elementalist)       Turns: 2544, Time: 00:03:46

Health: -1/31      AC:  1    Str:  7    XL:     5   Next: 9%
Magic:  4/8        EV: 13    Int: 18    God:
Gold:   57         SH:  0    Dex: 13    Spells: 7/8 levels left

rFire    . . .     SeeInvis .   k - +0 short sword
rCold    . . .     Gourm    .   (no shield)
rNeg     . . .     Faith    .   (helmet restricted)
rPois    .         Spirit   .   (no amulet)
rElec    .         Reflect  .   (no ring)
rCorr    .         Harm     .   (no ring)
MR       .....                  (no ring)
Stlth    +++.......             (no ring)
HPRegen  0.10/turn              (no ring)
MPRegen  0.11/turn              (no ring)
                                (no ring)
                                (no ring)

@: no status effects
A: almost no armour, stealthy swim, amphibious, 8 rings, constrict 8, camouflage
1, gelatinous body 1
a: no special abilities


You were on level 2 of the Dungeon.
You were very hungry.

You visited 1 branch of the dungeon, and saw 3 of its levels.

You collected 57 gold pieces.

Inventory:

Hand Weapons
 k - a +0 short sword (weapon)
Scrolls
 a - a scroll of noise {unknown}
 c - 2 scrolls of identify {unknown}
 e - 2 scrolls of amnesia {unknown}
 g - a scroll of immolation {unknown}
 i - a scroll of remove curse {unknown}
 m - a scroll of enchant armour {unknown}
Potions
 d - 2 potions of flight {unknown}
 f - a potion of resistance {unknown}
 h - a potion of curing {unknown}
 j - a potion of might {unknown}
 l - a potion of degeneration {unknown}
Comestibles
 b - 7 rations


   Skills:
 - Level 2.0 Dodging
 - Level 2.6 Stealth
 - Level 2.0 Spellcasting
 + Level 4.7 Conjurations
 - Level 3.0 Fire Magic


You had 7 spell levels left.
You knew the following spells:

 Your Spells              Type           Power        Failure   Level  Hunger
a - Flame Tongue          Conj/Fire      ###..        3%          1    #......

Your spell library contained the following spells:

 Spells                   Type           Power        Failure   Level  Hunger
 Throw Flame              Conj/Fire      ###...       5%          2    ###....
 Conjure Flame            Conj/Fire      ###.....     11%         3    ###....
 Inner Flame              Hex/Fire       #.......     28%         3    ###....
 Sticky Flame             Conj/Fire      ###.....     36%         4    #####..
 Fireball                 Conj/Fire      ###.......   71%         5    ######.


Dungeon Overview and Level Annotations

Branches:
Dungeon (3/15)

Altars:


Innate Abilities, Weirdness & Mutations

You cannot wear most types of armour.
You are very stealthy in the water. (Stealth+)
You are amphibious.
You can wear up to eight rings at the same time.
You can use your tentacles to constrict eight enemies at once.
Your skin changes colour to match your surroundings (Stealth+).
Your rubbery body absorbs attacks. (AC +1, EV +1)


Message History

Press: ? - help, Shift-Dir - straight line, f/p - orc
Aim: an orc The flame tongue hits the orc.
The orc is heavily wounded.
The orc closely misses you.
Casting: Flame Tongue (safe; 3% risk of failure)
Confirm with . or Enter, or press ? or * to list all spells.
Aiming: Flame Tongue (safe; 3% risk of failure)
Press: ? - help, Shift-Dir - straight line, f/p - orc
Aim: an orc (heavily wounded)
The flame tongue hits the orc.
You kill the orc!
The orc hits you with an enchanted flail!
* * * LOW HITPOINT WARNING * * *
The orc priest barely misses you.
You climb upwards.
There is a stone staircase leading down here.
Unknown command.
The orc priest hits you.
You die...

############# #............
#.#..###.....
######.#..#.<.....
#.................
##@####.######.....
#>o................
####o.####.#.####.....
#.....# #.#.####.##..
#.##.## #.#.#....##..
#######.##.# #.#.#.#####..
#........#.#####.#.#.#####..
#........#..................
#........####.##.###.#....##


You could see an orc priest and an orc.

Vanquished Creatures
  Jessica (D:2)
  Robin (D:2)
  3 adders
  A worm (D:2)
  A dart slug (D:2)
  3 leopard geckos
  2 orcs (D:3)
  4 bats
  2 giant cockroaches
  8 hobgoblins
  A quokka (D:2)
  6 frilled lizards
  11 goblins
  6 kobolds
  4 rats
54 creatures vanquished.

Notes
Turn   | Place    | Note
-------+----------+-------------------------------------------
     0 | D:1      | inc the Octopode Fire Elementalist began the quest for the
                  | Orb.
     0 | D:1      | Reached XP level 1. HP: 11/11 MP: 3/3
   356 | D:1      | Reached skill level 2 in Conjurations
   356 | D:1      | Reached XP level 2. HP: 17/17 MP: 3/5
  1072 | D:2      | Reached XP level 3. HP: 18/21 MP: 3/6
  1092 | D:2      | Reached skill level 3 in Conjurations
  1576 | D:2      | Noticed Robin
  1599 | D:2      | Killed Robin
  1599 | D:2      | Reached XP level 4. HP: 20/27 MP: 0/7
  1882 | D:2      | Reached skill level 4 in Conjurations
  2029 | D:2      | Noticed Jessica
  2035 | D:2      | Killed Jessica
  2299 | D:3      | Reached XP level 5. HP: 31/31 MP: 5/8
  2542 | D:3      | HP: 1/31 [orc/enchanted flail (10)]
  2544 | D:2      | Slain by an orc priest

Skill      XL: |  1  2  3  4 |
---------------+-------------+-----
Conjurations   | 2 3 4 |  4.7
Dodging        | |  2.0
Stealth        | |  2.6
Spellcasting   | |  2.0
Fire Magic     | |  3.0

Action                   |  1- 3 |  4- 6 || total
-------------------------+-------+-------++-------
Melee: Unarmed           |     7 |       ||     7
       Constrict         |     4 |     4 ||     8
       Short sword       |     9 |    12 ||    21
       Tentacles         |     1 |     1 ||     2
 Cast: Flame Tongue      |    66 |    17 ||    83
 Stab: Sleeping          |       |     1 ||     1
  Eat: Chunk             |     3 |     2 ||     5
Armor: Skin              |     4 |     3 ||     7
Dodge: Dodged            |    24 |    16 ||    40
